 Dungeon Sprint DCSS version 0.28-a0-101-g18048e5a82 (webtiles) character file.

Game seed: 14119775794232323694

2737 MikeHunt the Fighter (level 10, -3/86 HPs)
             Began as a Djinni Fire Elementalist on Aug 10, 2021.
             Was a High Priest of Makhleb.
             Slain by an earth elemental (21 damage)
             ... in the Dungeon (Sprint III: "The Ten Rune Challenge").
             The game lasted 00:11:38 (1816 turns).

MikeHunt the Fighter (Djinni Fire Elementalist)     Turns: 1816, Time: 00:11:38

Health: -3/86      AC:  4    Str:  7    XL:     10   Next: 0%
Gold:   1436       EV: 14    Int: 20    God:    Makhleb [*****.] SH:  0 Dex: 14

rFire   + + .      SeeInvis .   p - +4 scimitar (flame)
rCold   x . .      Faith    .   (no shield)
rNeg    + . .      Spirit   .   g - +2 robe {rN+}
rPois   ∞          Reflect  .   (no helmet)
rElec   .          Harm     .   (no cloak)
rCorr   .          Rampage  .   (no gloves)
Will    +....      NoTele   +   (boots unavailable)
Stlth   ++........              (no amulet)
HPRegen 0.24/turn               (no ring)
MPRegen 0.00/turn               (no ring)

@: flying
A: sickness immunity, fire resistance 2, cold vulnerability 1, float, innate
caster, hp casting, extra vitality 1
a: Renounce Religion, Minor Destruction, Lesser Servant of Makhleb, Major
Destruction, Greater Servant of Makhleb


You were in the Dungeon.
You worshipped Makhleb.
Makhleb was extremely pleased with you.
You visited 1 branch You collected 1436 gold pieces.

Inventory:

Hand Weapons
 c - a +1 long sword of holy wrath
 h - a +0 dagger
 p - a +4 scimitar of flaming (weapon)
Armour
 a - a +0 robe
 g - a +2 robe of positive energy (worn)
 n - a +0 leather armour
Scrolls
 j - a scroll of torment {unknown}
 k - 4 scrolls of identify
 l - a scroll of immolation {unknown}
Potions
 d - a potion of haste
 e - a potion of berserk rage
 i - 4 potions of mutation {unknown}
 m - a potion of might
Miscellaneous
 o - a condenser vane


   Skills:
 + Level 13.5 Fighting
 + Level 6.2 Dodging
 - Level 1.5 Stealth
 + Level 11.1 Spellcasting
 + Level 5.1 Invocations
 + Level 5.2 Evocations


You had 5 spell levels left.
You knew the following spells:

 Your Spells              Type           Power      Damage    Failure   Level
a - Magic Dart            Conj           100%       1d8       1%          1
b - Conjure Flame         Conj/Fire      54%        6-21      1%          3
c - Inner Flame           Hex/Fire       54%        N/A       1%          3
d - Sticky Flame          Conj/Fire      54%        2d7       1%          4
e - Foxfire               Conj/Fire      100%       2x1d9     1%          1
f - Fireball              Conj/Fire      27%        3d12      1%          5
g - Static Discharge      Conj/Air       54%        N/A       1%          2
h - Spider Form           Tmut/Pois      27%        N/A       1%          3
i - Fulminant Prism       Conj/Hex       27%        3d14      1%          4
Your spell library was empty.

Dungeon Overview and Level Annotations

Branches:
Dungeon (1/1)

Altars:
Cheibriados
Dithmenos
Elyvilon
Fedhas
Gozag
Hepliaklqana
Kikubaaqudgha
Makhleb
Nemelex Xobeh
Okawaru
Qazlal
Ru
Sif Muna
Trog
Uskayaw
Vehumet
Wu Jian
Xom
Yredelemnul
Zin
The Shining One
Beogh
Jiyva
Lugonu

Shops:
D (


Innate Abilities, Weirdness & Mutations

You are immune to sickness and miasma.
You are immune to poison.
Your flesh is very heat resistant. (rF++)
You are vulnerable to cold. (rC-)
You float through the air rather than walking.
You learn spells naturally, not from books.
Your magical power is your life essence.
You have superior vitality. (+4 HP)


Message History

Aiming: Fulminant Prism (mildly dangerous; 1% risk of failure)
Press: ? - help, Dir - move target You conjure a prism of explosive energy!
A fulminant prism comes into view.
Your fulminant prism crackles loudly.
You hear an explosion!
The blast of energy engulfs the earth elemental!!
The earth elemental is almost destroyed.
Casting: Fulminant Prism (mildly dangerous; 1% risk of failure)
Confirm with . or Enter, or press ? or * to list all spells.
Aiming: Magic Dart (safe; 1% risk of failure)
Press: ? - help, Shift-Dir - straight line, f - earth elemental
Aim: an earth elemental (black smoke, almost destroyed, 100% to hit)
The magic dart hits the earth elemental but does no damage.
The earth elemental is almost destroyed.
Casting: Magic Dart (safe; 1% risk of failure)
Confirm with . or Enter, or press ? or * to list all spells.
Aiming: Fulminant Prism (mildly dangerous; 1% risk of failure)
Press: ? - help, Dir - move target, p - earth elemental You conjure a prism of explosive energy!
A fulminant prism comes into view.
Your fulminant prism moves out of view.
You hear a loud crackle.
The earth elemental hits you!!
Your fulminant prism explodes!
The blast of energy engulfs the earth elemental but does no damage.
The earth elemental is almost destroyed.
Casting: Fulminant Prism (mildly dangerous; 1% risk of failure)
Confirm with . or Enter, or press ? or * to list all spells.
Aiming: Fulminant Prism (mildly dangerous; 1% risk of failure)
Press: ? - help, Dir - move target You conjure a prism of explosive energy!
A fulminant prism comes into view.
The earth elemental hits you!!
* * * LOW HITPOINT WARNING * * *
Your fulminant prism moves out of view.
You feel better.
Your fulminant prism crackles loudly.
The earth elemental hits you!!
You die...

##.############ #..## ###
#..#___#___#__####.#.##..+
#..#...#__)#._#.))......#
#..###'#'###'##.))......#
#..#.)........#)).......#
...')⌠....)...#)####.∩###
...#...######'#.# ####
.).#.⌠.#__#...#§#######
...#.).#__#...#§@E§≈'.#
...#'###__#...#§#§§*#.#
...#.):#__#..)§)#.§§#.#
...#___#__'..)#.#§§§#.E
▓▓▓▓▓▓▓▓▓▓▓▓▓▓▓▓▓▓▓▓▓▓▓▓


You could see an earth elemental.

Vanquished Creatures
  Erica (D)
  An orc knight (D)
  A deep elf pyromancer (D)
  A shadow (D)
  A spatial vortex (D)
  2 orc warriors (D)
  A necrophage (D)
  A scorpion (D)
  A water elemental (D)
  An orc priest (D)
  A jelly (D)
  A wizard (D)
  Jessica (D)
  A necromancer (D)
  4 orc wizards (D)
  A kobold demonologist (D)
  3 humans (D)
  10 orcs (D)
  3 rats (D)
36 creatures vanquished.

Vanquished Creatures (others)
  71 foxfires (D)
  3 fulminant prisms (D)
  6 plants (D)
80 creatures vanquished.

Grand Total: 116 creatures vanquished

Notes
Turn   | Place    | Note
-------+----------+-------------------------------------------
     0 | D        | MikeHunt the Djinni Fire Elementalist began the quest for
                  | the Orb.
     0 | D        | Reached XP level 1. HP: 15/15 MP: 0/0
    42 | D        | Noticed Jessica
    53 | D        | Killed Jessica
    54 | D        | Reached skill level 3 in Fighting
    54 | D        | Reached XP level 2. HP: 12/25 MP: 0/0
    54 | D        | Reached XP level 3. HP: 15/30 MP: 0/0
    54 | D        | Learned a level 1 spell: Magic Dart
   232 | D        | Reached skill level 4 in Fighting
   293 | D        | Noticed a scorpion
   305 | D        | Killed a scorpion
   306 | D        | Reached skill level 6 in Fighting
   306 | D        | Reached skill level 5 in Spellcasting
   306 | D        | Reached XP level 4. HP: 32/40 MP: 0/0
   306 | D        | Reached XP level 5. HP: 36/45 MP: 0/0
   306 | D        | Learned a level 2 spell: Static Discharge
   390 | D        | Noticed a water elemental
   394 | D        | Killed a water elemental
   395 | D        | Reached skill level 7 in Fighting
   407 | D        | Found a basalt altar of Yredelemnul.
   407 | D        | Found a shadowy altar of Dithmenos.
   407 | D        | Found a sacrificial altar of Ru.
   407 | D        | Noticed a necrophage
   412 | D        | Killed a necrophage
   413 | D        | Reached skill level 8 in Fighting
   413 | D        | Reached XP level 6. HP: 46/55 MP: 0/0
   453 | D        | Reached skill level 9 in Fighting
   583 | D        | Noticed a shadow
   597 | D        | Killed a shadow
   598 | D        | Reached skill level 10 in Fighting
   598 | D        | Reached XP level 7. HP: 53/63 MP: 0/0
   598 | D        | Learned a level 3 spell: Spider Form
   606 | D        | Found a blossoming altar of Fedhas.
   606 | D        | Found a stormy altar of Qazlal.
   607 | D        | Found a snail-covered altar of Cheibriados.
   607 | D        | Found a burning altar of Makhleb.
   607 | D        | Found a hazy altar of Hepliaklqana.
   607 | D        | Found a shimmering altar of Xom.
   607 | D        | Found an opulent altar of Gozag.
   607 | D        | Found a sparkling altar of Nemelex Xobeh.
   607 | D        | Found a corrupted altar of Lugonu.
   607 | D        | Found a viscous altar of Jiyva.
   607 | D        | Noticed a spatial vortex
   611 | D        | Became a worshipper of Makhleb the Destroyer
   625 | D        | Killed a spatial vortex
   818 | D        | Found a glowing silver altar of Zin.
   818 | D        | Found a glowing golden altar of the Shining One.
   818 | D        | Found a white marble altar of Elyvilon.
   820 | D        | Noticed a deep elf pyromancer
   826 | D        | Killed a deep elf pyromancer
   827 | D        | Reached skill level 12 in Fighting
   827 | D        | Reached skill level 10 in Spellcasting
   827 | D        | Reached XP level 8. HP: 30/72 MP: 0/0
  1014 | D        | Found a hide-covered altar of Uskayaw.
  1014 | D        | Found an iron altar of Okawaru.
  1014 | D        | Found a bloodstained altar of Trog.
  1014 | D        | Found an ornate altar of the Wu Jian Council.
  1014 | D        | Noticed a human
  1014 | D        | Noticed a human
  1017 | D        | Killed a human
  1017 | D        | Reached * piety under Makhleb
  1019 | D        | Killed a human
  1160 | D        | Noticed Erica
  1164 | D        | Killed Erica
  1165 | D        | Reached skill level 13 in Fighting
  1165 | D        | Reached XP level 9. HP: 52/80 MP: 0/0
  1165 | D        | Learned a level 4 spell: Fulminant Prism
  1271 | D        | Reached ** piety under Makhleb
  1278 | D        | Reached *** piety under Makhleb
  1279 | D        | Noticed an orc knight
  1280 | D        | Reached skill level 5 in Dodging
  1313 | D        | Killed an orc knight
  1314 | D        | Reached skill level 5 in Invocations
  1314 | D        | Reached skill level 5 in Evocations
  1590 | D        | Reached **** piety under Makhleb
  1632 | D        | Reached ***** piety under Makhleb
  1728 | D        | Reached XP level 10. HP: 84/86 MP: 0/0
  1733 | D        | Found Hofoafitz's Weapon Emporium.
  1816 | D        | Slain by an earth elemental

Illustrated notes

Levels and vault maps discovered:
D:        dungeon_sprint_mu [sprint_mu_entry_cave, sprint_mu_temple_rooms,
          sprint_mu_d1_horrors, sprint_mu_d2_genie, sprint_mu_d3_branching,
          sprint_mu_orc_legion, sprint_mu_elf_gauntlet, sprint_mu_hive_nellie,
          sprint_mu_lair_fedhas, sprint_mu_vaults_butterflies,
          sprint_mu_slime_circle, sprint_mu_swamp_cave, sprint_mu_shoals_kraken,
          sprint_mu_blade_basic, sprint_mu_crypt_lich, sprint_mu_tomb_spiral,
          sprint_mu_vestibule_basic, sprint_mu_gehenna_hellfire,
          sprint_mu_dis_giant, sprint_mu_tartarus_statrot,
          sprint_mu_cocytus_islands, sprint_mu_zot1]

Skill      XL: |  1  2  3  4  5  6  7  8  9 |
---------------+----------------------------+-----
Spellcasting   | 4 5 7 8 10 11 | 11.1
Fighting       | 3 6 8 10 12 13 | 13.5
Dodging        | 4 6 |  6.2
Invocations    | 3 5 |  5.1
Evocations     | 3 5 |  5.2
Stealth        | |  1.5

Action                   |  1- 3 |  4- 6 |  7- 9 | 10-12 || total
-------------------------+-------+-------+-------+-------++-------
Melee: Scimitar          |       |       |     4 |       ||     4
 Cast: Foxfire           |    20 |    14 |     7 |       ||    41
       Sticky Flame      |       |     5 |     8 |       ||    13
       Fireball          |       |       |    26 |       ||    26
       Magic Dart        |       |       |    11 |     1 ||    12
       Fulminant Prism   |       |       |       |     4 ||     4
  Use: Potion            |       |     1 |       |     1 ||     2
       Scroll            |       |       |     1 |       ||     1
Armor: Robe              |     1 |       |     2 |       ||     3
Dodge: Dodged            |     9 |     3 |     4 |       ||    16

Table legend: (Time is in decaauts)
 A = Elapsed time spent in this place.
 B = Non-inter-level travel time spent in this place.
 C = Inter-level travel time spent in this place.
 D = Time resting spent in this place.
 E = Time spent auto-exploring this place.
 F = Levels seen in this place.
 G = Mean time per level.
                   A        B        C        D        E       F      G
               +--------+--------+--------+--------+--------+-----+--------+
         Total |   1816 |   1816 |      0 |   1184 |     40 |   1 | 1816.0 |
       Dungeon |   1816 |   1816 |      0 |   1184 |     40 |   1 | 1816.0 |
               +--------+--------+--------+--------+--------+-----+--------+

Top non-repeatable levels by time:
       D: 1816 daAuts
